Map: Winter Madness LE

Players

DnS - Winner!

  • Race: Protoss Protoss
  • Spawn Location: 11:00

Mixu

  • Race: Zerg Zerg
  • League: Grandmaster
  • Spawn Location: 5:00

VOD

Have the link to the VOD?

Description

Time

  • Played on: Dec. 5, 2025, 8:56 a.m.
  • Length: 12:45
Show
View Real Time Build Order
Export as new Build Order

DnS Protoss - Winner!

Build Orders: 1 Gate Expand, Oracle Opening, Archon Immortal, Colossus Rush 

Get SALT Encoding   

  12  0:00  Probe  
  13  0:12  Probe  
  14  0:18  Pylon  
  14  0:24  Probe  
  15  0:32  Probe  
  15  0:40  Probe  
  15  0:41  Gateway  
  16  0:46  Assimilator  
  17  0:50  Probe  
  18  1:03  Probe  
  19  1:15  Probe  
  20  1:23  Nexus  
  20  1:32  Cybernetics Core  
  20  1:36  Probe  
  21  1:45  Assimilator  
  21  1:48  Probe  
  21  1:51  Pylon  
  22  1:58  Probe  
  22  1:59  Adept  
  23  2:06  Probe  
  23  2:14  Probe, Stargate  
  27  2:24  Warp Gate  
  27  2:26  Probe  
  28  2:31  Probe, Adept  
  31  2:39  Probe x2  
  33  2:49  Probe  
  33  2:50  Oracle  
  33  2:51  Probe  
  38  3:01  Probe  
  38  3:03  Probe  
  40  3:12  Adept  
  42  3:13  Probe  
  42  3:14  Pylon  
  42  3:16  Probe  
  44  3:21  Gateway  
  44  3:25  Probe  
  45  3:28  Probe  
  45  3:31  Oracle  
  49  3:37  Probe  
  49  3:40  Probe  
  51  3:50  Probe  
  51  3:52  Probe  
  51  3:54  Pylon  
  52  4:01  Nexus  
  52  4:02  Probe  
  53  4:03  Pylon  
  53  4:04  Probe, Oracle  
  54  4:10  Assimilator  
  54  4:12  Assimilator  
  57  4:18  Probe x2  
  57  4:22  Stalker  
  57  4:23  Adept  
  63  4:29  Robotics Facility  
  63  4:30  Probe x2  
  65  4:33  Pylon  
  65  4:42  Probe  
  65  4:44  Pylon  
  66  4:47  Adept x2  
  66  4:50  Probe x2  
  70  4:58  Probe x2  
  74  5:07  Probe  
  74  5:08  Probe  
  74  5:09  Adept  
  74  5:12  Probe  
  79  5:17  Observer  
  79  5:19  Probe  
  79  5:20  Probe, Robotics Bay  
  82  5:23  Robotics Facility  
  82  5:24  Pylon  
  82  5:25  Probe  
  83  5:31  Probe x2  
  85  5:37  Probe, Shield Battery  
  85  5:39  Probe x2, Immortal  
  90  5:43  Pylon  
  90  5:44  Pylon  
  90  5:49  Probe  
  91  5:58  Colossus  
  91  6:04  Probe x2  
  91  6:07  Probe, Assimilator x2  
  91  6:08  Colossus  
  91  6:09  Twilight Council  
  94  6:11  Forge  
  100  6:23  Probe x2  
  108  6:27  Pylon  
  108  6:31  Gateway  
  108  6:32  Gateway  
  108  6:33  Extended Thermal Lance  
  108  6:34  Gateway  
  108  6:36  Gateway  
  108  6:39  Pylon  
  108  6:43  Colossus  
  108  6:46  Shield Battery  
  108  6:48  Shield Battery  
  108  6:50  Pylon  
  108  6:52  Immortal  
  114  6:57  Protoss Ground Weapons Level 1  
  114  6:58  Charge  
  114  7:06  Gateway x2  
  118  7:12  Zealot x2  
  122  7:18  Templar Archives  
  122  7:19  Nexus  
  122  7:21  Immortal  
  122  7:22  Pylon  
  122  7:29  Immortal  
  130  7:52  Probe x3  
  130  7:53  Pylon  
  130  7:54  Pylon  
  130  7:56  Immortal, Pylon  
  130  8:00  Pylon  
  130  8:03  High Templar x2  
  130  8:04  High Templar x2  
  138  8:12  Archon  
  142  8:13  Archon  
  142  8:14  Gateway  
  142  8:16  Immortal  
  142  8:17  Gateway  
  142  8:19  Gateway  
  146  8:20  Gateway  
  142  8:30  High Templar x2  
  142  8:31  Zealot x2  
  148  8:40  Zealot x4  
  120  8:50  Immortal  
  120  8:55  Immortal  
  124  8:56  Zealot x2  
  127  9:05  Probe x4  
  127  9:08  Protoss Ground Weapons Level 2  
  127  9:09  High Templar x2  
  135  9:10  Zealot x5  
  135  9:12  Shield Battery  
  135  9:13  Archon  
  145  9:29  Immortal  
  149  9:34  Warp Prism  
  149  9:36  Zealot x3, High Templar x2  
  149  9:37  Zealot x2  
  163  9:41  Archon  
  163  9:44  Zealot x3  
  163  9:45  Zealot  
  157  9:53  Zealot  
  148  10:04  Immortal  
  148  10:06  Warp Prism  
  144  10:09  High Templar x2  
  150  10:15  Archon  
  150  10:25  Probe x3  
  153  10:28  High Templar x2  
  153  10:32  Photon Cannon, Archon  
  151  10:44  Zealot x2, High Templar x2  
  151  10:45  Zealot x6  
  151  10:48  Archon, Pylon  
  167  11:04  Photon Cannon x2  
  167  11:05  Photon Cannon  
  167  11:08  High Templar x2  
  167  11:09  Zealot x7  
  185  11:14  Archon  
  183  11:26  Void Ray  
  179  11:32  Zealot x3  
  179  11:33  Zealot x5  
  183  12:08  High Templar x3  
  187  12:20  Probe  
  187  12:21  Probe  
  189  12:29  Probe  
  188  12:32  Archon  
  188  12:33  Probe  
  188  12:36  Zealot x9  
Show
View Real Time Build Order
Export as new Build Order

Mixu Zerg 

Build Orders: Hatch First 

Get SALT Encoding   

  12  0:00  Drone  
  13  0:08  Drone  
  14  0:14  Extractor  
  14  0:15  Drone  
  15  0:21  Overlord  
  15  0:40  Drone  
  16  0:45  Hatchery  
  16  0:48  Drone  
  16  0:52  Drone  
  16  0:56  Drone  
  18  1:05  Extractor  
  18  1:11  Spawning Pool  
  16  1:15  Drone  
  16  1:17  Drone  
  18  1:27  Drone  
  19  1:37  Drone  
  20  1:50  Drone  
  21  1:57  Queen x2  
  21  1:58  Zergling x2  
  21  1:59  Overlord  
  26  2:08  Drone  
  26  2:09  Drone  
  26  2:12  Metabolic Boost  
  28  2:20  Drone  
  28  2:21  Drone  
  30  2:31  Drone x2  
  32  2:39  Hatchery  
  31  2:44  Queen  
  31  2:48  Overlord  
  31  2:51  Zergling x2  
  34  2:54  Drone  
  34  2:58  Drone  
  36  3:08  Spore Crawler, Drone  
  36  3:12  Drone x7  
  44  3:20  Overlord  
  44  3:26  Spore Crawler, Drone  
  44  3:37  Queen  
  44  3:39  Queen, Overlord  
  44  3:41  Drone  
  49  3:45  Drone x3  
  51  3:54  Spore Crawler, Drone x3  
  53  3:58  Drone  
  53  4:02  Drone  
  55  4:04  Drone  
  55  4:08  Drone  
  55  4:09  Queen  
  60  4:10  Drone  
  60  4:11  Drone x2  
  60  4:12  Roach Warren  
  60  4:14  Overlord  
  61  4:17  Drone  
  61  4:19  Drone x3  
  65  4:27  Overlord  
  65  4:31  Overlord  
  65  4:33  Zergling x4  
  65  4:35  Drone  
  68  4:41  Lair, Zergling x6  
  68  4:43  Extractor  
  68  4:44  Overlord  
  70  4:48  Drone x2  
  70  4:49  Drone  
  70  4:51  Hatchery, Drone  
  70  4:52  Drone  
  74  4:55  Drone x3  
  74  4:58  Zergling x4  
  79  5:03  Overlord  
  79  5:10  Extractor  
  79  5:13  Evolution Chamber  
  77  5:16  Drone x4  
  77  5:20  Drone x8  
  77  5:21  Spore Crawler  
  88  5:23  Extractor  
  88  5:24  Extractor  
  88  5:26  Overlord  
  85  5:32  Zergling x4  
  85  5:40  Drone  
  85  5:41  Glial Reconstitution  
  85  5:42  Zerg Missile Weapons Level 1, Baneling Nest  
  85  5:43  Drone x2  
  85  5:45  Roach, Extractor, Overlord  
  85  5:46  Roach x2  
  91  5:54  Roach x5  
  97  5:57  Spore Crawler  
  93  6:05  Roach x4  
  102  6:12  Roach x2  
  102  6:15  Roach x2  
  110  6:20  Zergling x14, Drone x2  
  110  6:25  Drone  
  120  6:29  Centrifugal Hooks  
  120  6:32  Overlord x3  
  120  6:37  Overlord  
  119  6:40  Drone  
  119  6:42  Overlord  
  119  6:47  Overlord  
  119  6:51  Drone x6  
  125  7:00  Roach  
  125  7:01  Roach x6  
  139  7:04  Roach x3  
  139  7:08  Overlord x2  
  145  7:09  Pneumatized Carapace  
  145  7:10  Overlord  
  145  7:15  Roach  
  147  7:19  Roach x4  
  155  7:24  Overlord  
  155  7:25  Overlord x4  
  155  7:31  Zergling x10  
  160  7:37  Zerg Missile Weapons Level 2  
  160  7:41  Roach x5  
  160  7:43  Infestation Pit  
  169  7:46  Roach x3  
  169  7:47  Roach  
  177  7:54  Roach x5, Ravager  
  177  7:55  Ravager x3  
  177  7:56  Ravager  
  192  7:58  Baneling x3  
  192  7:59  Zergling x2  
  192  8:02  Zergling x6  
  193  8:09  Zergling x12  
  193  8:11  Baneling  
  193  8:12  Baneling x4  
  197  8:29  Zergling x10  
  194  8:39  Roach x4  
  176  8:44  Roach x11  
  165  8:49  Roach x3  
  165  8:55  Roach x2  
  166  8:57  Hive  
  166  9:00  Roach x2  
  164  9:04  Burrow  
  164  9:06  Tunneling Claws  
  164  9:09  Roach x2  
  164  9:12  Roach x2  
  168  9:18  Roach x4  
  168  9:22  Roach x2  
  180  9:24  Roach  
  180  9:29  Zergling x10  
  187  9:31  Baneling x5  
  187  9:32  Baneling  
  187  9:33  Baneling  
  187  9:36  Zergling x6  
  190  9:40  Roach x2  
  188  9:50  Roach x6  
  194  9:53  Baneling x2  
  194  9:59  Roach x5  
  181  10:04  Roach x3  
  185  10:12  Zergling x14  
  184  10:20  Roach x4  
  184  10:21  Roach x41  
  182  10:26  Roach x4  
  188  10:29  Roach x2  
  188  10:33  Viper  
  195  10:36  Roach x2  
  187  10:43  Roach x4  
  189  10:50  Drone x5  
  189  10:52  Extractor  
  189  10:53  Extractor  
  189  10:56  Drone  
  189  10:57  Drone x4  
  199  11:07  Baneling x11  
  199  11:11  Hatchery  
  199  11:13  Zergling x2  
  199  11:23  Zergling x2  
  195  11:37  Baneling x5  
  191  11:41  Roach x3  
  198  11:52  Hatchery, Roach Warren  
  198  11:53  Roach x2  
  191  12:02  Roach  
  191  12:03  Roach x5  
  191  12:04  Roach x18  
  191  12:07  Roach x18, Baneling x4  
  188  12:10  Roach x4  
  188  12:11  Roach x2  
  198  12:17  Zergling x2  
Tags
 
Add a new tag
Caveats
  • Supply blocks, unpowered buildings, or Contaminate may cause inaccurate times.
  • Supply counts are checked every 10 seconds.